[Event "Titled Tuesday Blitz March 21 Early 2023"]
[White "Salimova, Nurgyul"]
[Black "Yeletsky, Ivan"]
[WhiteFideId "2915138"]
[BlackFideId "24180327"]
[WhiteElo "2314"]
[BlackElo "2414"]
[Result "1-0"]
[Round "07"]
[TimeControl "180+2"]
[Date "2023.03.21"]
[WhiteClock "0:00:04"]
[BlackClock "0:00:19"]

1. d4 d5 2. Nf3 e6 3. c4 a6 4. cxd5 exd5 5. Nc3 c6 6. Bf4 Bd6 7. Bg3 Ne7 8. e3 O-O 9. Bd3 Bf5 10. O-O Bxg3 11. hxg3 Nd7 12. Rb1 Nb6 13. Ne5 f6 14. Nf3 Qd7 15. Ne2 Rfe8 16. Qb3 Nc4 17. Rbc1 Bxd3 18. Qxd3 Nxb2 19. Qb3 Nc4 20. e4 b5 21. Nf4 Ng6 22. Nxg6 hxg6 23. e5 g5 24. exf6 gxf6 25. Qd3 Kg7 26. Rfe1 Rxe1+ 27. Rxe1 Re8 28. Rb1 a5 29. Nh2 Nd6 30. g4 Re4 31. f3 Re8 32. Nf1 Qe6 33. Rc1 Nc4 34. Kf2 Qd7 35. Ng3 Re3 36. Nf5+ Kf8 37. Nxe3 Qe7 38. Nxc4 bxc4 39. Qe2 Qa7 40. Qe3 Qh7 41. Re1 Qc2+ 42. Re2 Qg6 43. Qe7+ Kg8 44. Qe6+ Kg7 45. Qxc6 Qd3 46. Qd7+ Kg6 47. Qxd5 c3 48. Qe4+ 1-0


[Site "https://www.chess.com"]

[Event "Titled Tuesday Blitz March 21 Early 2023"]
[White "Costachi, Mihnea"]
[Black "Matinian, Nikita"]
[WhiteFideId "1217518"]
[BlackFideId "24129100"]
[WhiteElo "2456"]
[BlackElo "2422"]
[Result "1-0"]
[Round "07"]
[TimeControl "180+2"]
[Date "2023.03.21"]
[WhiteClock "0:00:29"]
[BlackClock "0:00:02"]

1. d4 Nf6 2. c4 g6 3. Nc3 Bg7 4. e4 d6 5. Be2 O-O 6. Bg5 h6 7. Be3 Nbd7 8. Qd2 Kh7 9. f3 e5 10. d5 Nc5 11. g4 c6 12. b4 Na6 13. a3 cxd5 14. cxd5 Bd7 15. h4 Nc7 16. Nh3 a5 17. b5 Rc8 18. Nf2 Na8 19. Na4 b6 20. h5 gxh5 21. g5 hxg5 22. Bxg5 Rh8 23. Rxh5+ Kg8 24. Rxh8+ Kxh8 25. Rc1 Rxc1+ 26. Qxc1 Qc8 27. Qe3 Qd8 28. Qc3 Kg8 29. Nd1 Nc7 30. Qb3 Qe8 31. Ndc3 Na8 32. Be3 Qd8 33. Qc4 Nh5 34. Kd2 Nf4 35. Bd3 Bh6 36. Ne2 Kg7 37. Nxf4 Bxf4 38. Bxf4 exf4 39. Qd4+ Qf6 40. Qg1+ Qg6 41. Qf2 Qf6 42. Qg1+ Qg6 43. Qh2 Qf6 44. Kc2 Qd4 45. Nc3 Qe3 46. Qg2+ Kf8 47. Qg5 Be8 48. Qf6 Qxf3 49. Qxd6+ Kg7 50. Qe5+ Kf8 51. d6 Qf2+ 52. Kb3 Qc5 53. Qe7+ Kg7 54. Qxe8 a4+ 55. Nxa4 Qxd6 56. Kc2 Nc7 57. Qc6 Qxa3 58. Qc3+ Qxc3+ 59. Kxc3 Na8 60. Kd4 Kf6 61. Kd5 Ke7 62. Kc6 Ke6 63. Kb7 1-0


[Site "https://www.chess.com"]

[Event "Titled Tuesday Blitz March 21 Early 2023"]
[White "Chernobay, Artem"]
[Black "Vogel, Roven"]
[WhiteFideId "4167406"]
[BlackFideId "12908088"]
[WhiteElo "2474"]
[BlackElo "2518"]
[Result "0-1"]
[Round "07"]
[TimeControl "180+2"]
[Date "2023.03.21"]
[WhiteClock "0:00:01"]
[BlackClock "0:00:53"]

1. e4 e5 2. Nc3 Nf6 3. g3 Bc5 4. Bg2 c6 5. Nf3 d5 6. Nxe5 dxe4 7. d3 Bxf2+ 8. Kxf2 Qd4+ 9. Be3 Qxe5 10. h3 O-O 11. dxe4 Nh5 12. Ne2 f5 13. Nf4 fxe4 14. Rf1 Nxf4 15. gxf4 Qxb2 16. Kg1 Nd7 17. f5 Nf6 18. Bd4 Qa3 19. c3 Qe7 20. Qe2 Bd7 21. Qe3 b6 22. Qg5 c5 23. Bf2 Qe5 24. Rad1 Rf7 25. Bg3 Qxc3 26. Rd6 h6 27. Qh4 Re8 28. Bf4 e3 29. Bxh6 gxh6 0-1


[Site "https://www.chess.com"]

[Event "Titled Tuesday Blitz March 21 Early 2023"]
[White "Drygalov, Andrey"]
[Black "Rozman, Levy"]
[WhiteFideId "24171735"]
[BlackFideId "2039877"]
[WhiteElo "2471"]
[BlackElo "2376"]
[Result "1-0"]
[Round "07"]
[TimeControl "180+2"]
[Date "2023.03.21"]
[WhiteClock "0:01:17"]
[BlackClock "0:00:09"]

1. e4 c6 2. Nf3 d5 3. d3 g6 4. e5 Bg7 5. d4 f6 6. exf6 Nxf6 7. Be2 O-O 8. O-O Bg4 9. c4 Ne4 10. Nc3 Nd7 11. cxd5 Nxc3 12. bxc3 cxd5 13. Ng5 Bxe2 14. Qxe2 Qb6 15. Qxe7 Nf6 16. Ba3 Rfe8 17. Qf7+ Kh8 18. Rfe1 Ne4 19. Qxd5 Nxg5 20. Qxg5 Rxe1+ 21. Rxe1 Qa6 22. Bb4 Qxa2 23. Qb5 Qd2 1-0


[Site "https://www.chess.com"]

[Event "Titled Tuesday Blitz March 21 Early 2023"]
[White "Ahmadzada, Ahmad"]
[Black "Tillyaev, Ulugbek"]
[WhiteFideId "13413007"]
[BlackFideId "14202441"]
[WhiteElo "2388"]
[BlackElo "2377"]
[Result "1-0"]
[Round "07"]
[TimeControl "180+2"]
[Date "2023.03.21"]
[WhiteClock "0:00:06"]
[BlackClock "0:00:02"]

1. b4 e6 2. Bb2 Nf6 3. a3 d5 4. e3 Be7 5. Nf3 O-O 6. c4 a5 7. b5 Nbd7 8. Nc3 c6 9. cxd5 cxd5 10. Be2 e5 11. O-O e4 12. Nd4 Ne5 13. d3 exd3 14. Bxd3 Bg4 15. Be2 Rc8 16. Bxg4 Nexg4 17. Nf5 Re8 18. Ne2 Qc7 19. Nf4 Rcd8 20. Rc1 Qd7 21. Qd3 Bf8 22. b6 Ne5 23. Bxe5 Rxe5 24. Nd4 Qd6 25. a4 Qxb6 26. Nb5 g6 27. g3 Re4 28. Nc3 Re5 29. Rfd1 Bc5 30. Rb1 Qc6 31. Rb5 b6 32. Nce2 Rd7 33. Rdb1 g5 34. Nd4 Qd6 35. Nfe2 Ne4 36. Nc3 Qf6 37. R1b2 Rd6 38. Nb3 Ba3 39. Rc2 Bb4 40. Na2 Be1 41. f4 gxf4 42. exf4 Rh5 43. Qe2 Bxg3 44. Qxh5 Bxf4 45. Rg2+ Kf8 46. Qe2 1-0


[Site "https://www.chess.com"]

[Event "Titled Tuesday Blitz March 21 Early 2023"]
[White "Kukhmazov, Arsen"]
[Black "Amilal Munkhdalai"]
[WhiteFideId "24108260"]
[BlackFideId "4903250"]
[WhiteElo "2378"]
[BlackElo "2293"]
[Result "1/2-1/2"]
[Round "07"]
[TimeControl "180+2"]
[Date "2023.03.21"]
[WhiteClock "0:01:42"]
[BlackClock "0:00:17"]

1. d4 Nf6 2. c4 e6 3. Nf3 b6 4. a3 Bb7 5. Nc3 d5 6. Bg5 dxc4 7. e4 h6 8. Bxf6 Qxf6 9. Bxc4 Nd7 10. O-O Qd8 11. Qe2 Be7 12. Rfd1 O-O 13. Ba6 Qc8 14. Bxb7 Qxb7 15. d5 exd5 16. exd5 Bf6 17. Ne4 Rfe8 18. Nxf6+ Nxf6 19. Qc4 Re4 20. Qc6 Qxc6 21. dxc6 Rae8 22. b4 a6 23. g3 g5 24. Nd4 R8e5 25. Rd3 Kh7 26. Rad1 Kg6 27. Kg2 Rd5 28. h3 h5 29. Nf3 Rxd3 30. Rxd3 g4 31. hxg4 hxg4 32. Nd4 Re1 33. f3 gxf3+ 34. Kxf3 Rc1 35. Ke2 Rc4 36. Nf3 Kf5 37. Kd1 Ke4 38. Ke2 Rc2+ 39. Nd2+ Kf5 40. Rf3+ Kg6 41. Kd3 Rxc6 42. Nb3 Rd6+ 43. Kc2 Ne4 44. Rf4 Ng5 45. Rc4 Rd7 46. a4 f5 47. a5 Ne4 48. Rc6+ Rd6 49. Rxc7 Nxg3 50. b5 bxa5 51. Rc6 Rxc6+ 52. bxc6 Ne4 53. Nxa5 Nd6 54. Kd3 Kg5 55. c7 f4 56. Nc6 Nc8 57. Ke4 Kg4 58. Kd5 f3 59. Ne5+ Kf4 60. Nxf3 Kxf3 61. Kc6 a5 62. Kb5 Ke4 63. Kxa5 Kd5 64. Ka6 Kc6 65. Ka5 Kxc7 1/2-1/2


[Site "https://www.chess.com"]

[Event "Titled Tuesday Blitz March 21 Early 2023"]
[White "Ashraf, Artin"]
[Black "Vlassov, Nikolai"]
[WhiteFideId "22514805"]
[BlackFideId "4103360"]
[WhiteElo "2188"]
[BlackElo "2324"]
[Result "1-0"]
[Round "07"]
[TimeControl "180+2"]
[Date "2023.03.21"]
[WhiteClock "0:00:17"]
[BlackClock "0:00:02"]

1. Nf3 c5 2. c4 g6 3. Nc3 Bg7 4. e3 Nf6 5. b3 d5 6. cxd5 Nxd5 7. Bb2 O-O 8. Rc1 b6 9. Bc4 Bb7 10. O-O e6 11. a3 Nc6 12. Qc2 Qd7 13. Ne4 f5 14. Nc3 Rad8 15. Rfd1 Qe7 16. Be2 g5 17. Nxd5 Rxd5 18. Bxg7 Kxg7 19. Ne1 Rfd8 20. Bf3 R5d6 21. b4 cxb4 22. axb4 g4 23. Be2 Qf6 24. b5 Ne7 25. d4 R8d7 26. Nd3 Be4 27. Qb2 Bxd3 28. Bxd3 h5 29. g3 h4 30. Bf1 hxg3 31. hxg3 Nd5 32. Rc8 Rd8 33. Rdc1 Rxc8 34. Rxc8 Rd8 35. Rc1 Rh8 36. Bg2 Ne7 37. Qa3 Kg6 38. Qxa7 Nc8 39. Qd7 Qe7 40. Qc6 Qd6 41. Qb7 Ne7 42. Rc7 Kf6 43. Rd7 Qb4 44. Rc7 Qe1+ 45. Bf1 Qb4 46. Qxb6 1-0


[Site "https://www.chess.com"]

[Event "Titled Tuesday Blitz March 21 Early 2023"]
[White "Mekhitarian, Krikor Sevag"]
[Black "Srinath, Rao S.V."]
[WhiteFideId "2107660"]
[BlackFideId "5028876"]
[WhiteElo "2604"]
[BlackElo "2196"]
[Result "1-0"]
[Round "07"]
[TimeControl "180+2"]
[Date "2023.03.21"]
[WhiteClock "0:00:53"]
[BlackClock "0:01:39"]

1. Nf3 Nf6 2. c4 g6 3. Nc3 Bg7 4. e4 d6 5. d4 O-O 6. h3 e5 7. d5 a5 8. Be3 Na6 9. g4 Nc5 10. Nd2 c6 11. Be2 cxd5 12. cxd5 Nfd7 13. h4 f5 14. gxf5 gxf5 15. exf5 Nf6 16. Qc2 Qd7 17. Nc4 Qc7 18. Nb5 Qe7 19. Nbxd6 Ncd7 20. O-O-O Ne8 21. Nxe8 Rxe8 22. Rhg1 Nf6 1-0


[Site "https://www.chess.com"]

[Event "Titled Tuesday Blitz March 21 Early 2023"]
[White "Taboas Rodriguez, Daniel"]
[Black "Zakhartsov, Vladimir"]
[WhiteFideId "2208466"]
[BlackFideId "4145097"]
[WhiteElo "2365"]
[BlackElo "2521"]
[Result "0-1"]
[Round "07"]
[TimeControl "180+2"]
[Date "2023.03.21"]
[WhiteClock "0:00:16"]
[BlackClock "0:00:10"]

1. d4 d5 2. c4 e6 3. Nf3 g6 4. Nc3 Bg7 5. e4 Ne7 6. cxd5 exd5 7. e5 O-O 8. Bd3 c5 9. dxc5 Nd7 10. O-O Nxc5 11. Bg5 Bg4 12. Re1 h6 13. Bxe7 Qxe7 14. Nxd5 Qd7 15. Bc4 b5 16. Bf1 Rad8 17. Nf6+ Bxf6 18. exf6 Qf5 19. Qc1 Bxf3 20. gxf3 Ne6 21. Qxh6 Qxf6 22. Bxb5 Nf4 23. Bf1 Rd5 24. Re4 Rg5+ 25. Kh1 Nd3 26. Qxg5 Nxf2+ 27. Kg2 Qxg5+ 28. Kxf2 Kg7 29. Rae1 Rh8 30. h3 Rd8 31. R1e2 Rd1 32. b3 Qc1 33. Bg2 Qc5+ 34. Kg3 Qd6+ 35. Kf2 Qh2 36. Re7 a5 37. Re1 Rd2+ 38. R7e2 Rd5 39. Re4 Rd2+ 40. R4e2 Rd8 41. Re4 Qc7 42. R4e3 Qb6 43. Re2 f5 44. f4 Rd4 45. Kg3 Qd6 46. Rf3 g5 47. Ref2 Kf6 48. Bf1 gxf4+ 49. Rxf4 Qe5 50. h4 Re4 51. Bg2 Rxf4 52. Rxf4 Qe3+ 53. Rf3 Qe5+ 54. Kh3 Qe4 55. Rg3 Qe2 56. a4 Ke5 57. Bf3 Qf2 58. Bg2 Kf6 59. Rf3 Qd4 60. Kg3 Qg4+ 61. Kf2 Qxh4+ 62. Ke2 Ke5 63. Re3+ Kd4 64. Rd3+ Kc5 65. Rf3 f4 66. Rc3+ Kb4 67. Rf3 Qg4 68. Kf2 Qf5 69. Kg1 Qb1+ 70. Kh2 Qf5 71. Kg1 Qe5 72. Kh2 Qd4 73. Kh3 Kc5 74. Kg4 Qg7+ 75. Kh3 Qh6+ 76. Kg4 Qg6+ 77. Kxf4 Qxg2 78. Re3 Kb4 79. Rf3 Qd2+ 80. Re3 Kc5 81. Ke4 Qc2+ 82. Kf3 Kd4 83. Re2 Qxb3+ 84. Kf2 Qxa4 85. Ke1 Qa1+ 86. Kd2 Qc3+ 87. Kd1 Qa1+ 88. Kd2 a4 89. Re1 Qc3+ 90. Kd1 Qxe1+ 91. Kxe1 a3 92. Kd2 a2 93. Kc2 a1=Q 94. Kb3 Qc3+ 95. Ka2 Qb4 96. Ka1 Kc3 97. Ka2 Qb2# 0-1


[Site "https://www.chess.com"]

[Event "Titled Tuesday Blitz March 21 Early 2023"]
[White "Pinheiro, Iung Alicio de O."]
[Black "Real_OceanStorm"]
[WhiteFideId "2104350"]
[WhiteElo "2283"]
[BlackElo "2817"]
[Result "0-1"]
[Round "07"]
[TimeControl "180+2"]
[Date "2023.03.21"]
[WhiteClock "0:00:03"]
[BlackClock "0:00:06"]

1. e4 d5 2. exd5 Qxd5 3. Nc3 Qa5 4. d4 Nf6 5. Nf3 c6 6. Ne5 Ne4 7. Qf3 Nd6 8. Bd2 Qb6 9. O-O-O Qxd4 10. Bf4 Qb4 11. a3 Qa5 12. Nc4 Qf5 13. Bd3 Qg4 14. Nxd6+ exd6 15. Qe3+ Be6 16. Be2 Qg6 17. Bxd6 Nd7 18. g4 O-O-O 19. f4 Bxg4 20. Bxf8 Bxe2 21. Nxe2 Rhxf8 22. Qxa7 Qh5 23. Nd4 Kc7 24. f5 Qh6+ 25. Kb1 Nb6 26. Qa5 Rd5 27. Qb4 Rfd8 28. Qe7+ Kc8 29. c3 Qh5 30. Rde1 Nc4 31. Qe2 Qxe2 32. Rxe2 c5 33. Rhe1 cxd4 34. cxd4 Nd6 35. Re7 Rxd4 36. Rc1+ Kb8 37. Rcc7 Rd5 38. f6 gxf6 39. h4 f5 40. Rc3 Rc8 41. Rb3 Rc4 42. Rd7 Rcd4 43. Re7 Rxh4 44. Rg3 Re4 45. Rg8+ Ka7 46. Rd7 Kb6 47. Rgd8 Re1+ 48. Ka2 Kc6 0-1


[Site "https://www.chess.com"]

[Event "Titled Tuesday Blitz March 21 Early 2023"]
[White "Diaz Rosas, Julio Cesar"]
[Black "Gukesh D"]
[WhiteFideId "5105099"]
[BlackFideId "46616543"]
[WhiteElo "2270"]
[BlackElo "2612"]
[Result "0-1"]
[Round "07"]
[TimeControl "180+2"]
[Date "2023.03.21"]
[WhiteClock "0:00:06"]
[BlackClock "0:00:09"]

1. e4 c5 2. Nf3 Nc6 3. d4 cxd4 4. Nxd4 Nf6 5. Nc3 e5 6. Ndb5 d6 7. Nd5 Nxd5 8. exd5 Nb8 9. a4 Be7 10. Be2 O-O 11. Bd2 Bf5 12. a5 a6 13. Na3 Nd7 14. Nc4 Rc8 15. O-O Nf6 16. Be3 Be4 17. Nb6 Rxc2 18. Bc4 Rxb2 19. Bb3 Bf5 20. Nc4 Rxb3 21. Qxb3 Nxd5 22. Rfd1 Be6 23. Nb6 Nf6 24. Qb2 Qb8 25. Rac1 d5 26. Bc5 Bxc5 27. Rxc5 d4 28. f3 Qd6 29. Rdc1 e4 30. Nc8 Qd8 31. fxe4 Nxe4 32. Rc7 d3 33. Ne7+ Kh8 34. Rxb7 d2 35. Rd1 Qd3 36. Qb6 Qe2 0-1


[Site "https://www.chess.com"]

[Event "Titled Tuesday Blitz March 21 Early 2023"]
[White "Ingebretsen, Jens E"]
[Black "Hayrapetyan, Hovik"]
[WhiteFideId "1522965"]
[BlackFideId "13302639"]
[WhiteElo "2213"]
[BlackElo "2348"]
[Result "0-1"]
[Round "07"]
[TimeControl "180+2"]
[Date "2023.03.21"]
[WhiteClock "0:00:08"]
[BlackClock "0:00:06"]

1. c4 e6 2. Nc3 d5 3. d4 Nf6 4. Nf3 Bb4 5. Qa4+ Nc6 6. Bd2 O-O 7. a3 Bxc3 8. Bxc3 Bd7 9. Qc2 dxc4 10. e4 b5 11. Be2 a6 12. O-O Ne7 13. d5 Ng6 14. dxe6 fxe6 15. Rad1 Qe7 16. Ne5 Nxe5 17. Bxe5 Bc6 18. f3 Rad8 19. Qc3 Bb7 20. b3 cxb3 21. Kh1 c5 22. Qxb3 c4 23. Qc3 Rxd1 24. Rxd1 Rd8 25. Rb1 Kf7 26. a4 Bc6 27. axb5 axb5 28. Ra1 Qc5 29. Bf4 Rd7 30. Be3 Qd6 31. Kg1 e5 32. Ra6 Kg6 33. Kf2 h5 34. g3 Qc7 35. Ra7 Qd6 36. Ra6 Qc7 37. Ra7 Qb8 38. Ra6 Qc8 39. Rb6 Kh7 40. Qxe5 Qc7 41. Qxc7 Rxc7 42. Bf4 Rc8 43. Bd2 Nd7 44. Ra6 Nc5 45. Ra1 Nb3 46. Ra2 Nxd2 47. Rxd2 c3 48. Rc2 b4 49. Bc4 Ba4 50. Rc1 Rxc4 51. Ke3 b3 52. Kd3 b2 0-1


[Site "https://www.chess.com"]

[Event "Titled Tuesday Blitz March 21 Early 2023"]
[White "Ismagilov, Damir"]
[Black "Fier, Alexandr"]
[WhiteFideId "34199982"]
[BlackFideId "2107139"]
[WhiteElo "2078"]
[BlackElo "2610"]
[Result "0-1"]
[Round "07"]
[TimeControl "180+2"]
[Date "2023.03.21"]
[WhiteClock "0:00:03"]
[BlackClock "0:01:50"]

1. e4 c5 2. Nf3 Nf6 3. e5 Nd5 4. Nc3 e6 5. g3 Nc6 6. Bg2 Nxc3 7. dxc3 Qc7 8. O-O b6 9. Qe2 Bb7 10. Rd1 h6 11. a4 O-O-O 12. h4 Be7 13. Nd2 Qxe5 14. Qf1 d5 15. c4 d4 16. Ne4 Qc7 17. b3 f5 18. Nd2 g5 19. h5 g4 20. Bb2 e5 21. Qd3 e4 22. Nxe4 fxe4 23. Qxe4 Ne5 24. Qf5+ Kb8 25. Re1 Nf3+ 26. Bxf3 Bxf3 27. Bc1 Rhf8 28. Qe6 Bd6 29. Bxh6 Bxg3 30. Bxf8 Bxf2+ 31. Kf1 Bxe1 32. Rxe1 Rxf8 33. Qe7 Qf4 34. Qe5+ Qxe5 35. Rxe5 g3 36. Kg1 Bd1 37. Rg5 Bxc2 38. h6 d3 39. h7 d2 40. Rg8 d1=Q+ 41. Kg2 Be4+ 42. Kxg3 Qf3+ 43. Kh2 Qh1+ 44. Kg3 Qg2+ 45. Kh4 Rxg8 46. h8=Q Rxh8# 0-1


[Site "https://www.chess.com"]

[Event "Titled Tuesday Blitz March 21 Early 2023"]
[White "Pakleza, Zbigniew"]
[Black "Nefedov, Sergey"]
[WhiteFideId "1119290"]
[BlackFideId "24113417"]
[WhiteElo "2410"]
[BlackElo "2227"]
[Result "1/2-1/2"]
[Round "07"]
[TimeControl "180+2"]
[Date "2023.03.21"]
[WhiteClock "0:00:03"]
[BlackClock "0:00:03"]

1. d4 Nf6 2. Nf3 d5 3. Bf4 Bf5 4. c4 c6 5. e3 e6 6. Nc3 Bd6 7. Bg3 O-O 8. Qb3 b6 9. Rc1 Bxg3 10. hxg3 Nbd7 11. Nh4 Bg6 12. Nxg6 hxg6 13. Be2 Qe7 14. f4 Rfd8 15. Kf2 c5 16. cxd5 cxd4 17. dxe6 dxe3+ 18. Kf3 fxe6 19. Kxe3 Nc5 20. Qc2 Kf7 21. Rcd1 Rxd1 22. Rxd1 Rd8 23. g4 Nd5+ 24. Kf3 Qf6 25. Nxd5 exd5 26. g5 Qc6 27. Bd3 d4+ 28. Kg3 Re8 29. Kf2 Qd6 30. g3 Re3 31. Bc4+ Kf8 32. Re1 Qe7 33. Rxe3 Qxe3+ 34. Kg2 d3 35. Qc3 Qe2+ 36. Kh3 Qf1+ 37. Kg4 Qe2+ 38. Kh3 Qf1+ 39. Kh2 Qf2+ 40. Kh3 d2 41. Bb3 Qe2 42. Qd4 Qf1+ 43. Kg4 Qe2+ 44. Kh3 Qf1+ 45. Kh2 Qe2+ 46. Kh3 1/2-1/2


[Site "https://www.chess.com"]

[Event "Titled Tuesday Blitz March 21 Early 2023"]
[White "Ben Artzi, Ido"]
[Black "Molina, Roberto Junio Brito"]
[WhiteFideId "2810913"]
[BlackFideId "2109450"]
[WhiteElo "2204"]
[BlackElo "2376"]
[Result "0-1"]
[Round "07"]
[TimeControl "180+2"]
[Date "2023.03.21"]
[WhiteClock "0:00:05"]
[BlackClock "0:00:25"]

1. d4 d5 2. c4 c6 3. cxd5 cxd5 4. Bf4 Nf6 5. Nc3 Qb6 6. e3 Qxb2 7. Rc1 Nc6 8. Bd3 a6 9. Nge2 e6 10. O-O Qa3 11. Na4 Nd7 12. Bc7 Bd6 13. Rc3 Qxc3 14. Nexc3 Bxc7 15. e4 dxe4 16. Bxe4 O-O 17. d5 exd5 18. Nxd5 Bd8 19. Qc2 g6 20. Rd1 Nf6 21. Nxf6+ Bxf6 22. Bxc6 bxc6 23. Qxc6 Be6 24. Nb6 Rad8 25. Rxd8 Rxd8 26. h3 Rd1+ 27. Kh2 Be5+ 28. g3 Rd2 29. Kg2 Bd4 30. Qe8+ Kg7 31. Nd7 Rxf2+ 32. Kg1 Rxa2+ 33. Kf1 Bc4+ 34. Ke1 Bc3+ 35. Kd1 Bb3+ 36. Kc1 Ra1# 0-1


[Site "https://www.chess.com"]

[Event "Titled Tuesday Blitz March 21 Early 2023"]
[White "Rios Escobar, Adan"]
[Black "Yuan, Qingyu"]
[WhiteFideId "3403645"]
[BlackFideId "8609772"]
[WhiteElo "2422"]
[BlackElo "2359"]
[Result "0-1"]
[Round "07"]
[TimeControl "180+2"]
[Date "2023.03.21"]
[WhiteClock "0:00:01"]
[BlackClock "0:00:25"]

1. d4 d5 2. g3 Nf6 3. Nf3 e6 4. Bg2 b5 5. a4 b4 6. c4 bxc3 7. Nxc3 Be7 8. Bf4 O-O 9. Rc1 Na6 10. O-O Bd7 11. Nb5 c6 12. Nd6 Nh5 13. Nb7 Qb6 14. Nc5 Nxc5 15. dxc5 Bxc5 16. Bc7 Bxf2+ 17. Rxf2 Qxc7 18. e4 Nf6 19. Nd4 e5 20. Nxc6 Bxc6 21. exd5 Bxa4 22. d6 Qd7 23. b3 Rad8 24. bxa4 Qxd6 25. Qxd6 Rxd6 26. Rf5 Re8 27. Bf1 g6 28. Rf2 Re7 29. Rc8+ Kg7 30. Rb2 Ne4 31. Rbb8 Rd1 32. Kg2 Rd2+ 33. Kg1 Ng5 34. Bg2 e4 35. Re8 Rc7 0-1


[Site "https://www.chess.com"]

[Event "Titled Tuesday Blitz March 21 Early 2023"]
[White "Movahed, Sina"]
[Black "Santos Flores, Alberto"]
[WhiteFideId "42520835"]
[BlackFideId "3601234"]
[WhiteElo "2225"]
[BlackElo "2235"]
[Result "1-0"]
[Round "07"]
[TimeControl "180+2"]
[Date "2023.03.21"]
[WhiteClock "0:01:09"]
[BlackClock "0:00:05"]

1. e4 c5 2. Nf3 Nc6 3. Bb5 g6 4. O-O Bg7 5. c3 Nf6 6. Re1 O-O 7. h3 d5 8. e5 Ne8 9. d4 cxd4 10. cxd4 Nc7 11. Bf1 b6 12. Nc3 Ba6 13. Bxa6 Nxa6 14. Qa4 Nab8 15. e6 fxe6 16. Rxe6 Rxf3 17. gxf3 Nxd4 18. Re3 Nbc6 19. Kg2 e6 20. Rxe6 b5 21. Qa6 Nxe6 22. Qxc6 Nd4 23. Qxd5+ Qxd5 24. Nxd5 Rd8 25. Nc3 b4 26. Bg5 bxc3 27. Bxd8 cxb2 28. Rb1 Nb5 29. Be7 Kf7 30. Bc5 Ke6 31. a4 Kd5 32. Be7 Nd6 33. Rd1+ Ke6 34. Bxd6 b1=Q 35. Rxb1 Kxd6 36. Rb7 Bd4 37. Rxh7 Ke5 38. Kg3 Kf5 39. f4 a5 40. Rb7 Bc3 41. Rb5+ Kf6 42. Kg4 Be1 43. Rb6+ Kf7 44. f3 Bd2 45. Ra6 Kg7 46. h4 Kh7 47. f5 gxf5+ 48. Kxf5 1-0


[Site "https://www.chess.com"]

[Event "Titled Tuesday Blitz March 21 Early 2023"]
[White "Ozen, Bahadir"]
[Black "Demin, Vladimir"]
[WhiteFideId "6337058"]
[BlackFideId "4167457"]
[WhiteElo "2503"]
[BlackElo "2633"]
[Result "1-0"]
[Round "07"]
[TimeControl "180+2"]
[Date "2023.03.21"]
[WhiteClock "0:00:46"]
[BlackClock "0:00:15"]

1. d4 d5 2. Nf3 Nf6 3. c4 e6 4. Nc3 c5 5. cxd5 cxd4 6. Qxd4 exd5 7. e4 dxe4 8. Qxd8+ Kxd8 9. Ng5 Be6 10. Nxe6+ fxe6 11. Bc4 Ke7 12. Bg5 h6 13. Bxf6+ gxf6 14. Nxe4 Nd7 15. O-O f5 16. Ng3 Rc8 17. Bb3 Nc5 18. Rfe1 Kf6 19. Rac1 Bd6 20. Rxc5 Bxc5 21. Rxe6+ Kg5 22. h4+ Kxh4 23. Rg6 Rcf8 24. Be6 f4 25. Rg4# 1-0


[Site "https://www.chess.com"]

[Event "Titled Tuesday Blitz March 21 Early 2023"]
[White "Harsha Bharathakoti"]
[Black "wqws"]
[WhiteFideId "5078776"]
[WhiteElo "2481"]
[BlackElo "2627"]
[Result "1-0"]
[Round "07"]
[TimeControl "180+2"]
[Date "2023.03.21"]
[WhiteClock "0:00:41"]
[BlackClock "0:00:20"]

1. Nf3 Nf6 2. c4 e6 3. Nc3 d5 4. e3 c5 5. cxd5 exd5 6. d4 Nc6 7. Bb5 Bd6 8. dxc5 Bxc5 9. O-O O-O 10. b3 a6 11. Bxc6 bxc6 12. Bb2 Bg4 13. Rc1 Bd6 14. Ne2 Bxf3 15. gxf3 Rc8 16. Kh1 Nh5 17. Rg1 Qh4 18. Rg2 Qh3 19. f4 f6 20. Rxc6 Rxc6 21. Qxd5+ Kh8 22. Qxc6 Rd8 23. Nd4 a5 24. Qf3 Qxf3 25. Nxf3 Bb4 26. Rg1 Kg8 27. Rc1 g6 28. Bd4 Rd5 29. Rc8+ Kf7 30. Rc7+ Be7 31. a4 Ng7 32. e4 Rd8 33. Bc5 Re8 34. Nd4 Ne6 35. Nxe6 Kxe6 36. f5+ Kf7 37. b4 axb4 38. Bxb4 Kf8 39. Rxe7 1-0


[Site "https://www.chess.com"]

[Event "Titled Tuesday Blitz March 21 Early 2023"]
[White "Aaditya Dhingra"]
[Black "Vakhlamov, Igor L."]
[WhiteFideId "25678191"]
[BlackFideId "24126748"]
[WhiteElo "2083"]
[BlackElo "2400"]
[Result "1-0"]
[Round "07"]
[TimeControl "180+2"]
[Date "2023.03.21"]
[WhiteClock "0:00:59"]
[BlackClock "0:00:05"]

1. d4 d5 2. c4 e6 3. Nc3 c5 4. cxd5 cxd4 5. Qa4+ Bd7 6. Qxd4 exd5 7. Qxd5 Nf6 8. Qxb7 Nc6 9. Bf4 Nb4 10. Rc1 Bc5 11. a3 Bc6 12. Qc7 Qxc7 13. Bxc7 Na6 14. Bg3 O-O 15. e3 Bb7 16. Nf3 Rfe8 17. Bb5 Re7 18. O-O Nc7 19. Be2 Ne6 20. Nb5 Ne4 21. b4 Bb6 22. Nd6 Nxg3 23. hxg3 Bd5 24. Rfd1 Bb3 25. Rd3 Ba4 26. Rd2 h6 27. Bb5 Bxb5 28. Nxb5 a5 29. Rc6 Bd8 30. Nbd4 axb4 31. Nxe6 fxe6 32. axb4 Rb8 33. b5 Ba5 34. Rb2 Kf7 35. Ne5+ Kf6 36. f4 Bb6 37. Kf2 g5 38. Kf3 Kf5 39. g4+ Kf6 40. Rd2 Ra7 41. Nd7+ Rxd7 42. Rxd7 gxf4 43. exf4 Ba5 44. f5 Rxb5 45. Rxe6+ Kg5 46. Rg7+ Kh4 47. Rxh6# 1-0


[Site "https://www.chess.com"]

[Event "Titled Tuesday Blitz March 21 Early 2023"]
[White "Aditya Mittal"]
[Black "djokovic74"]
[WhiteFideId "35042025"]
[WhiteElo "2396"]
[BlackElo "2576"]
[Result "1-0"]
[Round "07"]
[TimeControl "180+2"]
[Date "2023.03.21"]
[WhiteClock "0:00:06"]
[BlackClock "0:00:03"]

1. d4 e6 2. c4 Nf6 3. Nf3 Bb4+ 4. Bd2 Qe7 5. g3 Nc6 6. a3 Bxd2+ 7. Qxd2 a5 8. Nc3 d6 9. Bg2 O-O 10. O-O e5 11. Nd5 Qd8 12. Rfd1 Bf5 13. dxe5 dxe5 14. Qg5 Bg6 15. Nb6 Qe7 16. Nxa8 Rxa8 17. h3 a4 18. Qe3 h6 19. Rd2 Ne4 20. Rd5 Nf6 21. Rb5 e4 22. Nh4 Ne5 23. Qc5 Qxc5 24. Rxc5 Nc6 25. Nxg6 fxg6 26. Rd1 Kf7 27. f3 Re8 28. fxe4 Nxe4 29. Bxe4 Rxe4 30. Rd7+ Ke6 31. Rxc7 Kd6 32. R5xc6+ bxc6 33. Rxg7 Rxe2 34. Rxg6+ Kc5 35. Rg8 Rxb2 36. Ra8 Kxc4 37. Rxa4+ Kd5 38. Rh4 c5 39. Kf1 c4 40. Ke1 Rg2 41. Rg4 Kc5 42. Kd1 Kb5 43. h4 Kc5 44. Kc1 Kb5 45. h5 Kc5 46. Kd1 Kb5 47. Rg6 c3 48. g4 Kc4 49. g5 Kd3 50. Rd6+ Kc4 51. gxh6 Rg1+ 52. Kc2 Rg2+ 53. Kc1 Rg1+ 54. Rd1 Rg5 55. Rh1 Rg8 56. h7 Rh8 57. h6 Rxh7 58. Kc2 Rb7 59. Rh4+ Kc5 60. h7 Rb2+ 61. Kxc3 Ra2 62. Kb3 Ra1 63. h8=Q Rb1+ 64. Qb2 Rxb2+ 65. Kxb2 1-0


[Site "https://www.chess.com"]

[Event "Titled Tuesday Blitz March 21 Early 2023"]
[White "Raahul V S"]
[Black "Narayanan, Srinath"]
[WhiteFideId "25035525"]
[BlackFideId "5018420"]
[WhiteElo "2168"]
[BlackElo "2438"]
[Result "1-0"]
[Round "07"]
[TimeControl "180+2"]
[Date "2023.03.21"]
[WhiteClock "0:00:13"]
[BlackClock "0:00:33"]

1. c4 e5 2. Nc3 Nf6 3. Nf3 Nc6 4. e3 Bb4 5. Qc2 Bxc3 6. bxc3 Qe7 7. e4 O-O 8. g3 d6 9. Bg2 Nd7 10. d3 Nc5 11. Nh4 g6 12. O-O f5 13. Bh6 Rf7 14. exf5 gxf5 15. f4 Qf6 16. Bg5 Qg7 17. Bd5 Be6 18. Nf3 h6 19. Bh4 exf4 20. Kh1 fxg3 21. Bxg3 Rf6 22. Rg1 Rg6 23. d4 Ne4 24. Bxe6+ Rxe6 25. Be5 dxe5 26. Rxg7+ Kxg7 27. d5 Rg6 28. dxc6 bxc6 29. Nxe5 Rg5 30. Nf3 Rg6 31. Nh4 Rg5 32. Nxf5+ Rxf5 33. Qxe4 Raf8 34. Rg1+ Kh8 35. Qd4+ R8f6 36. Qd8+ Rf8 37. Qxc7 R5f7 38. Qe5+ Kh7 39. Qe4+ Kh8 40. Qg6 Rh7 41. Qxc6 h5 42. c5 h4 43. Qd6 1-0


[Site "https://www.chess.com"]